Map: Corrosion EC

Players

Colonik - Winner!

  • Race: Protoss Protoss
  • League: Diamond
  • Spawn Location: 5:00

HoldTheDoor

  • Race: Protoss Protoss
  • League: Diamond
  • Spawn Location: 11:00

VOD

Have the link to the VOD?

Description

Time

  • Played on: July 16, 2018, 9 a.m.
  • Length: 12:45
Show
View Real Time Build Order
Export as new Build Order

Colonik Protoss - Winner!

Build Orders:  

Get SALT Encoding   

  12  0:01  Probe  
  13  0:13  Probe  
  14  0:19  Pylon  
  14  0:25  Probe  
  15  0:37  Probe  
  15  0:40  Gateway  
  16  0:44  Assimilator  
  16  0:49  Probe  
  17  0:58  Assimilator  
  17  1:01  Probe  
  18  1:13  Probe, Gateway  
  19  1:25  Probe  
  19  1:32  Cybernetics Core  
  20  1:41  Pylon  
  20  1:42  Probe  
  21  1:54  Probe  
  22  2:06  Probe  
  23  2:21  Nexus  
  23  2:26  Probe  
  24  2:30  Pylon  
  24  2:42  Stalker  
  26  2:45  Stalker  
  28  2:52  Shield Battery  
  28  2:53  Warp Gate  
  28  3:02  Pylon  
  28  3:05  Stalker  
  28  3:13  Stalker  
  30  3:23  Shield Battery  
  30  3:26  Probe  
  33  3:36  Shield Battery  
  33  3:38  Probe  
  33  3:39  Sentry  
  36  3:42  Probe  
  37  3:49  Sentry  
  37  3:50  Probe  
  37  3:54  Probe  
  41  4:09  Probe x2  
  43  4:13  Twilight Council  
  43  4:14  Stalker  
  45  4:17  Probe  
  45  4:18  Sentry  
  45  4:24  Probe  
  48  4:25  Probe  
  48  4:26  Pylon  
  50  4:32  Pylon, Blink  
  50  4:34  Probe  
  51  4:41  Assimilator  
  51  4:44  Assimilator  
  51  5:02  Probe  
  51  5:05  Probe  
  53  5:10  Stalker  
  53  5:11  Stalker  
  57  5:21  Pylon  
  57  5:22  Probe  
  57  5:26  Forge  
  57  5:28  Probe  
  59  5:29  Templar Archives  
  59  5:34  Probe  
  60  5:38  Stalker  
  60  5:40  Probe  
  63  5:46  Probe  
  64  5:52  Probe  
  64  5:56  Protoss Ground Weapons Level 1  
  65  5:58  Probe  
  65  6:03  Psionic Storm  
  66  6:04  Probe  
  66  6:08  Stalker x2  
  66  6:10  Probe  
  72  6:16  Probe  
  73  6:19  Photon Cannon  
  73  6:22  Photon Cannon  
  74  6:27  Charge  
  74  6:28  Pylon  
  73  6:37  Nexus  
  74  6:42  Probe  
  74  6:43  Probe  
  75  6:48  Photon Cannon  
  75  6:58  Probe x2  
  77  7:01  Pylon  
  77  7:07  High Templar x2  
  81  7:10  Probe x2  
  83  7:21  Gateway  
  83  7:22  Probe x2  
  85  7:23  Gateway  
  85  7:26  Gateway  
  85  7:33  Probe  
  85  7:36  Probe  
  87  7:41  Probe, High Templar x2  
  87  7:43  Protoss Ground Weapons Level 2  
  91  7:47  Photon Cannon  
  91  7:48  Probe  
  91  7:50  Shield Battery, Probe  
  93  7:53  Photon Cannon  
  94  8:06  Probe  
  94  8:11  Gateway  
  95  8:14  Gateway  
  95  8:16  Gateway  
  95  8:18  Pylon  
  95  8:19  Zealot x2  
  99  8:21  Pylon  
  99  8:32  Assimilator  
  99  8:35  High Templar x3  
  99  8:36  Assimilator  
  99  8:39  Archon  
  105  8:48  Gateway x2  
  105  8:51  Gateway  
  105  8:54  Pylon  
  105  9:01  Robotics Facility  
  105  9:03  Probe x2  
  107  9:12  Shield Battery  
  107  9:14  Resonating Glaives  
  107  9:15  Photon Cannon  
  107  9:17  Zealot x4  
  107  9:18  Zealot  
  107  9:20  Probe  
  107  9:21  Probe  
  119  9:35  High Templar x3  
  125  9:39  High Templar x2  
  125  9:40  High Templar  
  125  9:42  Protoss Ground Weapons Level 3  
  125  9:43  Archon  
  125  9:44  Nexus, Archon x2  
  131  9:50  Photon Cannon  
  131  9:52  Observer, Pylon  
  132  10:14  Stalker x3, Gateway  
  134  10:15  Warp Prism, Gateway  
  134  10:17  Gateway  
  134  10:20  Pylon  
  138  10:21  Pylon  
  140  10:30  Pylon  
  140  10:44  Pylon  
  140  10:46  Pylon  
  140  10:48  High Templar x5  
  140  10:49  Pylon  
  150  10:50  Pylon  
  150  10:52  Archon x2  
  150  10:57  High Templar  
  150  11:01  Archon  
  152  11:12  Stalker x2  
  152  11:13  Stalker x2  
  160  11:21  Photon Cannon  
  160  11:24  Shield Battery  
  160  11:26  Stalker x5  
  160  11:27  Stalker  
  172  11:35  Stalker x3  
  178  11:40  Stalker  
  178  11:45  Zealot x4  
  188  11:52  Stalker x3  
  194  11:56  Stalker  
  126  12:32  Archon  
  126  12:34  Stalker x7  
  126  12:35  Stalker x6  
Show
View Real Time Build Order
Export as new Build Order

HoldTheDoor Protoss 

Build Orders: Oracle Opening 

Get SALT Encoding   

  12  0:00  Probe  
  13  0:13  Probe  
  14  0:18  Pylon  
  14  0:25  Probe  
  15  0:35  Probe  
  15  0:36  Gateway  
  16  0:44  Probe  
  16  0:45  Assimilator  
  17  0:55  Assimilator, Probe  
  18  1:10  Probe  
  19  1:15  Gateway  
  19  1:22  Probe  
  19  1:24  Cybernetics Core  
  20  1:35  Probe  
  21  1:45  Pylon  
  22  1:47  Probe  
  22  1:59  Probe  
  23  2:03  Stalker x2  
  23  2:04  Warp Gate  
  27  2:11  Probe  
  28  2:16  Pylon  
  28  2:23  Probe  
  29  2:33  Stalker  
  31  2:41  Stalker  
  31  2:42  Probe  
  34  2:54  Stargate  
  34  3:00  Probe  
  35  3:21  Probe  
  36  3:28  Oracle  
  36  3:30  Nexus, Pylon  
  36  3:37  Pylon  
  39  3:48  Probe  
  39  3:51  Pylon  
  40  4:00  Probe  
  40  4:02  Void Ray  
  41  4:04  Assimilator  
  45  4:12  Probe  
  46  4:20  Sentry x2  
  50  4:25  Probe  
  51  4:37  Probe  
  52  4:49  Probe  
  53  4:56  Stalker x2  
  57  5:00  Probe  
  57  5:01  Probe  
  57  5:04  Twilight Council  
  59  5:09  Assimilator  
  59  5:12  Probe  
  59  5:13  Probe, Pylon  
  61  5:16  Pylon  
  61  5:18  Void Ray  
  65  5:28  Pylon  
  65  5:35  Fleet Beacon  
  65  5:36  Protoss Air Weapons Level 1  
  65  5:38  Probe  
  65  5:41  Probe  
  67  6:26  Zealot x2  
  67  6:30  Probe x2  
  67  6:32  Charge, Carrier  
  73  6:33  Shield Battery, Pylon  
  79  6:40  Graviton Catapult  
  79  6:42  Probe x2  
  81  6:48  Forge  
  81  6:50  Forge  
  81  6:53  Zealot, Pylon  
  81  6:54  Probe x2  
  84  6:56  Sentry  
  87  7:04  Pylon  
  87  7:06  Probe x2  
  89  7:19  Gateway  
  88  7:23  Gateway  
  88  7:34  Protoss Ground Armor Level 1, Protoss Ground Weapons Level 1  
  88  7:45  Zealot x2  
  88  7:47  Protoss Air Weapons Level 2, Probe x2  
  94  7:51  Carrier  
  100  8:07  Probe x2  
  102  8:14  Pylon  
  102  8:31  Zealot x2  
  102  8:32  Nexus  
  102  8:33  Pylon  
  106  8:37  Pylon  
  106  8:38  Probe x2  
  106  8:40  Assimilator  
  108  8:48  Templar Archives  
  108  8:50  Probe x2  
  110  8:56  Zealot x4  
  110  9:02  Probe x2  
  120  9:12  Assimilator  
  120  9:14  Probe x2, Pylon  
  122  9:18  Pylon  
  122  9:20  Carrier  
  128  9:26  Probe  
  128  9:28  Photon Cannon  
  129  9:33  Photon Cannon  
  129  9:37  Protoss Ground Weapons Level 2  
  129  9:38  Protoss Shields Level 1  
  129  9:39  Photon Cannon  
  129  9:41  Probe  
  129  9:45  Probe  
  131  9:48  High Templar  
  131  9:49  High Templar x3  
  139  9:54  Protoss Air Weapons Level 3  
  139  9:56  Archon x2  
  139  10:05  Gateway  
  139  10:07  Gateway  
  139  10:17  Probe x3  
  142  10:35  Stargate  
  142  10:37  Pylon  
  142  10:39  Pylon  
  142  10:45  Pylon  
  142  10:47  Photon Cannon  
  142  10:48  Cybernetics Core  
  142  10:50  Photon Cannon, Carrier  
  148  11:03  Nexus  
  148  11:10  Robotics Facility  
  148  11:20  Gateway  
  148  11:21  Gateway  
  154  11:35  Pylon  
  154  11:39  Pylon  
  154  11:43  Assimilator  
  154  11:47  Assimilator  
  154  11:51  Probe x2  
  156  12:03  Photon Cannon  
  143  12:21  Zealot x5  
  100  12:33  Zealot  
Tags
 
Add a new tag
Caveats
  • Supply blocks, unpowered buildings, or Contaminate may cause inaccurate times.
  • Supply counts are checked every 10 seconds.